[Event "36th Indian-ch U13 Girls 2023"]
[Site "Secunderabad"]
[Date "2023.12.09"]
[Round "10.5"]
[White "Kalyani Sirin"]
[Black "Sravyasree Bheemarasetty"]
[Result "1-0"]
[ECO "C45"]
[WhiteElo "1802"]
[BlackElo "1455"]
[Annotator "NA RC"]
[PlyCount "119"]
[EventDate "2023.12.04"]
[EventType "swiss"]
[EventCountry "IND"]
[SourceTitle "playchess.com"]
[Source "ChessBase"]
[SourceQuality "1"]
[TimeControl "5400+30"]

1. e4 e5 2. Nf3 Nc6 3. d4 exd4 4. Nxd4 Bc5 5. Nb3 Bb6 6. Nc3 d6 7. Qe2 Nf6 8. Bg5 h6 9. Bh4 Nd4 10. Qd2 Nxb3 11. axb3 Qe7 12. f3 Be6 13. Bc4 g5 14. Bg3 O-O-O 15. Na4 Bxc4 16. Nxb6+ axb6 17. bxc4 Nh5 18. Bf2 Qe6 19. b3 f5 20. Qd5 Qxd5 21. exd5 Rde8+ 22. Kf1 g4 23. Bd4 Rhf8 24. Kf2 Rg8 25. Rhe1 Kd7 26. Rxe8 Rxe8 27. g3 Rg8 28. f4 Rf8 29. h3 gxh3 30. Rh1 Nf6 31. Bxf6 Rxf6 32. Rxh3 c6 33. Kf3 cxd5 34. cxd5 Ke7 35. g4 fxg4+ 36. Kxg4 Kf7 37. f5 Kg7 38. Re3 Rf7 39. Re4 Rc7 40. Re6 Rd7 41. Rg6+ Kh7 42. Kh5 b5 43. f6 b4 44. Rxh6+ Kg8 45. Kg6 b5 46. f7+ Rxf7 47. Rh8+ Kxh8 48. Kxf7 Kh7 49. Ke6 Kg6 50. Kxd6 Kf5 51. Kc6 Ke5 52. d6 Kd4 53. d7 Kc3 54. d8=Q Kxc2 55. Kxb5 Kxb3 56. Qd3+ Kb2 57. Kxb4 Ka1 58. Qd2 Kb1 59. Kc3 Ka1 60. Qb2# 1-0

[Event "36th Indian-ch U13 Girls 2023"]
[Site "Secunderabad"]
[Date "2023.12.09"]
[Round "10.6"]
[White "Siddhi Rao"]
[Black "Arshiya Das"]
[Result "0-1"]
[ECO "B06"]
[WhiteElo "1467"]
[BlackElo "1729"]
[Annotator "NA RC"]
[PlyCount "76"]
[EventDate "2023.12.04"]
[EventType "swiss"]
[EventCountry "IND"]
[SourceTitle "playchess.com"]
[Source "ChessBase"]
[SourceQuality "1"]
[TimeControl "5400+30"]

1. e4 g6 2. d4 Bg7 3. Be3 d6 4. Nd2 a6 5. c3 h6 6. Ngf3 e6 7. Bd3 Ne7 8. O-O Nd7 9. Qc2 b6 10. Rfe1 Bb7 11. a4 O-O 12. Rad1 Qc8 13. h3 Kh7 14. Bf4 e5 15. Bh2 Nc6 16. dxe5 dxe5 17. Nc4 Qe8 18. b4 f6 19. Ne3 Ne7 20. Nd5 Rc8 21. Bc4 Nb8 22. Nxe7 Qxe7 23. Bd5 c6 24. Ba2 Rcd8 25. Nh4 Bc8 26. Bg3 Nd7 27. f4 exf4 28. Bxf4 Ne5 29. Bg3 b5 30. Rd4 Be6 31. Red1 Bxa2 32. Qxa2 Nc4 33. Qe2 Rxd4 34. cxd4 h5 35. axb5 axb5 36. Be1 Re8 37. e5 fxe5 38. dxe5 Nxe5 0-1

[Event "36th Indian-ch U13 Girls 2023"]
[Site "Secunderabad"]
[Date "2023.12.09"]
[Round "10.7"]
[White "Nivedita V C"]
[Black "Aditi Arun"]
[Result "1-0"]
[ECO "D37"]
[WhiteElo "1638"]
[BlackElo "1447"]
[Annotator "NA RC"]
[PlyCount "81"]
[EventDate "2023.12.04"]
[EventType "swiss"]
[EventCountry "IND"]
[SourceTitle "playchess.com"]
[Source "ChessBase"]
[SourceQuality "1"]
[TimeControl "5400+30"]

1. d4 d5 2. c4 e6 3. Nc3 Nf6 4. Bf4 c6 5. e3 Nbd7 6. Nf3 Be7 7. Bd3 dxc4 8. Bxc4 b5 9. Bd3 a6 10. O-O O-O 11. Ne4 c5 12. dxc5 Nxc5 13. Nxc5 Bxc5 14. Qc2 Bd6 15. Qc6 Bxf4 16. Qxa8 Qb6 17. Be4 Bxe3 18. Qc6 Qa7 19. Qc2 Nxe4 20. Qxe4 Bh6 21. Rad1 Bb7 22. Rd7 Qxf2+ 23. Kxf2 Bxe4 24. Rfd1 Bd5 25. Nd4 g6 26. Ra7 Rc8 27. Rxa6 Bg7 28. b3 b4 29. g3 Bf8 30. Rd2 Bc5 31. Ke1 Be4 32. Rd1 e5 33. Nb5 Bf3 34. Rd7 Be3 35. Rc7 Rxc7 36. Nxc7 e4 37. Nd5 Bc1 38. Rb6 e3 39. Nxe3 Bxe3 40. Rxb4 Bg1 41. Kf1 1-0

[Event "36th Indian-ch U13 Girls 2023"]
[Site "Secunderabad"]
[Date "2023.12.09"]
[Round "10.8"]
[White "Modipalli Deekshitha"]
[Black "Shriyana S Mallya"]
[Result "1/2-1/2"]
[ECO "D36"]
[WhiteElo "1394"]
[BlackElo "1561"]
[Annotator "NA RC"]
[PlyCount "105"]
[EventDate "2023.12.04"]
[EventType "swiss"]
[EventCountry "IND"]
[SourceTitle "playchess.com"]
[Source "ChessBase"]
[SourceQuality "1"]
[TimeControl "5400+30"]

1. d4 d5 2. c4 e6 3. Nc3 Nf6 4. cxd5 exd5 5. Bg5 c6 6. e3 h6 7. Bh4 Be7 8. Bd3 O-O 9. Nge2 Re8 10. Qc2 Nbd7 11. O-O a5 12. a3 b5 13. f3 Nb6 14. b3 Ba6 15. a4 b4 16. Na2 Bxd3 17. Qxd3 c5 18. dxc5 Bxc5 19. Nd4 Nbd7 20. Rac1 Qb6 21. Bf2 Ne5 22. Qd2 Rac8 23. Rfd1 Qa6 24. Nb5 Qb6 25. Nd4 Nc6 26. Rc2 Nxd4 27. exd4 Bd6 28. Rdc1 Rxc2 29. Rxc2 Nh5 30. g3 Nf6 31. Nc1 Qa6 32. Nd3 Rc8 33. Be3 Rxc2 34. Qxc2 Qb7 35. Kf2 Qd7 36. Kg2 Qe6 37. Qd2 Qc8 38. Qc1 Qf5 39. Qd2 h5 40. Bg5 g6 41. Qe3 Nh7 42. Bf4 Bxf4 43. Nxf4 Nf6 44. Qd3 Qd7 45. Qa6 Qd8 46. Nd3 Kg7 47. Nc5 Qc7 48. Qb7 Qd6 49. Qa7 h4 50. g4 Kg8 51. Qa8+ Kg7 52. Qa7 g5 53. Nd3 1/2-1/2

[Event "36th Indian-ch U13 Girls 2023"]
[Site "Secunderabad"]
[Date "2023.12.09"]
[Round "10.9"]
[White "Aamuktha Guntaka"]
[Black "Pratiti Khandelwal"]
[Result "1-0"]
[ECO "B38"]
[WhiteElo "1532"]
[BlackElo "1412"]
[Annotator "NA RC"]
[PlyCount "99"]
[EventDate "2023.12.04"]
[EventType "swiss"]
[EventCountry "IND"]
[SourceTitle "playchess.com"]
[Source "ChessBase"]
[SourceQuality "1"]
[TimeControl "5400+30"]

1. e4 c5 2. Nf3 Nc6 3. d4 cxd4 4. Nxd4 g6 5. c4 Bg7 6. Be3 Nf6 7. Nc3 d6 8. Be2 O-O 9. O-O Bd7 10. Qd2 Nxd4 11. Bxd4 Bc6 12. f3 a5 13. b3 Nd7 14. Bf2 Nc5 15. Rab1 Qb6 16. a3 Qc7 17. Bd1 Rfc8 18. b4 axb4 19. axb4 Na4 20. Ne2 Bd7 21. Bb3 Nb6 22. Rfc1 Qd8 23. c5 dxc5 24. bxc5 Na4 25. Rd1 Bc6 26. Bxf7+ Kh8 27. Qg5 Qf8 28. Be6 Rd8 29. Qg4 Rxd1+ 30. Rxd1 Nb2 31. Rb1 Nd3 32. Be3 Ne5 33. Qh3 Rd8 34. Bf4 Nd3 35. Be3 Ne5 36. Qg3 Qf6 37. Bb3 Qf8 38. Bf4 Nd3 39. Bc7 Ra8 40. Bb6 e5 41. Rd1 Nxc5 42. Bd5 Bxd5 43. exd5 Qd6 44. Bxc5 Qxc5+ 45. Qf2 Qd6 46. Nc3 Rc8 47. Ne4 Qd7 48. d6 Rd8 49. Qb6 Bf8 50. Nc5 1-0

[Event "36th Indian-ch U13 Girls 2023"]
[Site "Secunderabad"]
[Date "2023.12.09"]
[Round "10.10"]
[White "Singh Myra"]
[Black "Goddeti Hima Tejaswini"]
[Result "1-0"]
[ECO "B90"]
[WhiteElo "1454"]
[BlackElo "1507"]
[Annotator "NA RC"]
[PlyCount "109"]
[EventDate "2023.12.04"]
[EventType "swiss"]
[EventCountry "IND"]
[SourceTitle "playchess.com"]
[Source "ChessBase"]
[SourceQuality "1"]
[TimeControl "5400+30"]

1. e4 c5 2. Nf3 d6 3. d4 cxd4 4. Nxd4 Nf6 5. Nc3 a6 6. Be3 e5 7. Nf3 Be7 8. Bc4 Be6 9. Bxe6 fxe6 10. O-O O-O 11. Na4 Ng4 12. Qd3 Nxe3 13. Qxe3 Nd7 14. Qb3 b5 15. Qxe6+ Kh8 16. Nc3 Nc5 17. Qd5 Qc8 18. Rfe1 Qg4 19. h3 Qg6 20. Kh2 Rac8 21. Qd2 Ne6 22. Nd5 Bd8 23. c3 Rc4 24. Qe2 Bg5 25. Nxg5 Qxg5 26. f3 Nf4 27. Nxf4 Qxf4+ 28. Kh1 Rfc8 29. a3 h5 30. Rad1 R4c6 31. Rd3 g5 32. Qf2 Qf6 33. Kg1 R8c7 34. Qe2 Qf4 35. Red1 Rd7 36. Rd5 Kg8 37. Qd3 Kf8 38. b3 Ke7 39. c4 bxc4 40. bxc4 Qf6 41. c5 Qe6 42. Qd2 Qf6 43. a4 h4 44. a5 Qg6 45. cxd6+ Kf6 46. Rxe5 Rc2 47. Qxc2 Kxe5 48. Qc5+ Kf4 49. Kf2 g4 50. hxg4 Qf6 51. Rd2 Rb7 52. g5 Rb2 53. Qe3+ Ke5 54. Qd4+ Ke6 55. Qxf6+ 1-0

[Event "36th Indian-ch U13 Girls 2023"]
[Site "Secunderabad"]
[Date "2023.12.10"]
[Round "11.1"]
[White "Shreya G Hipparagi"]
[Black "Kirthika B"]
[Result "1-0"]
[ECO "B92"]
[WhiteElo "1576"]
[BlackElo "1605"]
[Annotator "NA RC"]
[PlyCount "107"]
[EventDate "2023.12.04"]
[EventType "swiss"]
[EventCountry "IND"]
[SourceTitle "playchess.com"]
[Source "ChessBase"]
[SourceQuality "1"]
[TimeControl "5400+30"]

1. e4 c5 2. Nf3 d6 3. d4 cxd4 4. Nxd4 Nf6 5. Nc3 a6 6. Be2 e5 7. Nb3 Be7 8. Be3 Be6 9. O-O O-O 10. f3 d5 11. exd5 Nxd5 12. Nxd5 Bxd5 13. c4 Be6 14. Qxd8 Bxd8 15. Rfd1 Nc6 16. Rac1 Bc7 17. Nc5 Bb6 18. Kf2 Bxc5 19. Bxc5 Rfc8 20. b3 Nb8 21. Be3 Nd7 22. Rd6 Rc6 23. Rcd1 Rxd6 24. Rxd6 Rc8 25. a3 Kf8 26. b4 Ke7 27. c5 f5 28. Bg5+ Nf6 29. Bxf6+ gxf6 30. g3 h6 31. Ke3 Rd8 32. Rb6 Bd5 33. Bd3 Bxf3 34. Bxf5 Bc6 35. Be4 Rc8 36. Bxc6 bxc6 37. Rxa6 Ke6 38. Ra7 Kd5 39. Kd3 Rd8 40. Re7 h5 41. a4 f5 42. a5 f4 43. gxf4 exf4 44. a6 f3 45. Ke3 Kc4 46. Rb7 Rd3+ 47. Kf2 Ra3 48. a7 h4 49. b5 Kxc5 50. b6 Kb5 51. Rb8 c5 52. a8=Q Rxa8 53. Rxa8 Kxb6 54. Kxf3 1-0

[Event "36th Indian-ch U13 Girls 2023"]
[Site "Secunderabad"]
[Date "2023.12.10"]
[Round "11.2"]
[White "Shanmathi Sree S"]
[Black "Akshaya Sathi"]
[Result "1-0"]
[ECO "B90"]
[WhiteElo "1420"]
[BlackElo "1542"]
[Annotator "NA RC"]
[PlyCount "85"]
[EventDate "2023.12.04"]
[EventType "swiss"]
[EventCountry "IND"]
[SourceTitle "playchess.com"]
[Source "ChessBase"]
[SourceQuality "1"]
[TimeControl "5400+30"]

1. e4 c5 2. Nf3 d6 3. d4 cxd4 4. Nxd4 Nf6 5. Nc3 a6 6. Be3 e5 7. Nb3 Be7 8. f3 Be6 9. Qd2 h5 10. O-O-O Nbd7 11. Rg1 Rc8 12. Qf2 b5 13. Nd5 Nxd5 14. exd5 Bf5 15. Bd3 Bxd3 16. Rxd3 Bg5 17. Bxg5 Qxg5+ 18. Kb1 O-O 19. g4 h4 20. Nd2 Nc5 21. Re3 Rc7 22. Ne4 Nxe4 23. fxe4 Rfc8 24. Re2 Rc4 25. b3 Rd4 26. Qf5 Qd8 27. g5 g6 28. Qh3 Kg7 29. c3 Qb6 30. Qxc8 Rxe4 31. Rge1 Rf4 32. Qc6 Qd8 33. Qxa6 b4 34. cxb4 Rxb4 35. Kb2 Rd4 36. Qc6 Qa5 37. Rc1 Rxd5 38. Rcc2 Rd4 39. Qc7 Qd5 40. Rf2 Rd1 41. Qc4 Qb7 42. Qxh4 e4 43. Qf4 1-0

[Event "36th Indian-ch U13 Girls 2023"]
[Site "Secunderabad"]
[Date "2023.12.10"]
[Round "11.3"]
[White "Vaishnavi S K"]
[Black "Kalyani Sirin"]
[Result "0-1"]
[ECO "C54"]
[WhiteElo "1417"]
[BlackElo "1802"]
[Annotator "NA RC"]
[PlyCount "66"]
[EventDate "2023.12.04"]
[EventType "swiss"]
[EventCountry "IND"]
[SourceTitle "playchess.com"]
[Source "ChessBase"]
[SourceQuality "1"]
[TimeControl "5400+30"]

1. e4 e5 2. Nf3 Nc6 3. Bc4 Bc5 4. c3 Nf6 5. d4 exd4 6. cxd4 Bb4+ 7. Bd2 Bxd2+ 8. Nbxd2 d5 9. exd5 Nxd5 10. O-O O-O 11. Rc1 Re8 12. Bb3 Nf4 13. Kh1 Bg4 14. Qc2 Qf6 15. Ba4 Re6 16. Ne5 Nxe5 17. dxe5 Rxe5 18. Ne4 Qg6 19. f3 Bf5 20. Qd2 Ne6 21. Ng3 Rd8 22. Qb4 Rd4 23. Qxb7 Rxa4 24. Qc6 Rea5 25. Qe8+ Nf8 26. Rcd1 f6 27. Qb8 Be6 28. Rd8 Qf7 29. Re1 Rxa2 30. h3 Ra1 31. Rxa1 Rxa1+ 32. Kh2 Qe7 33. Ne4 Kf7 0-1

[Event "36th Indian-ch U13 Girls 2023"]
[Site "Secunderabad"]
[Date "2023.12.10"]
[Round "11.4"]
[White "Arshiya Das"]
[Black "Aamuktha Guntaka"]
[Result "1-0"]
[ECO "A07"]
[WhiteElo "1729"]
[BlackElo "1532"]
[Annotator "NA RC"]
[PlyCount "93"]
[EventDate "2023.12.04"]
[EventType "swiss"]
[EventCountry "IND"]
[SourceTitle "playchess.com"]
[Source "ChessBase"]
[SourceQuality "1"]
[TimeControl "5400+30"]

1. Nf3 d5 2. g3 Nd7 3. Bg2 e5 4. d3 Ngf6 5. O-O Bc5 6. Nxe5 Bxf2+ 7. Rxf2 Nxe5 8. Rf1 h6 9. Kh1 O-O 10. d4 Ng6 11. Nc3 c6 12. Qe1 Qe7 13. h3 Bd7 14. Qf2 Kh7 15. Bd2 Rae8 16. Rae1 Qd6 17. Kh2 Ne4 18. Nxe4 dxe4 19. a3 c5 20. Be3 cxd4 21. Bxd4 b6 22. Bc3 a5 23. Rd1 Qc7 24. Qd4 Ne5 25. Qxe4+ Ng6 26. Qd4 Ne5 27. Qf4 f6 28. Be4+ Kg8 29. Bd5+ Kh7 30. Be4+ Kg8 31. Bg6 Re7 32. Rd5 Rc8 33. Bxe5 fxe5 34. Qd2 Be8 35. Bf5 Rb8 36. Rd1 Bc6 37. Rd8+ Re8 38. Rxb8 Qxb8 39. Qd6 Qb7 40. Qg6 Rf8 41. Qh7+ Kf7 42. Bg6+ Ke6 43. e4 Be8 44. Bxe8 Qa6 45. Qg6+ Rf6 46. Bd7+ Ke7 47. Qe8# 1-0

[Event "36th Indian-ch U13 Girls 2023"]
[Site "Secunderabad"]
[Date "2023.12.10"]
[Round "11.5"]
[White "Nihira Koul"]
[Black "Gorli Nyna"]
[Result "1/2-1/2"]
[ECO "A26"]
[WhiteElo "1484"]
[BlackElo "1652"]
[Annotator "NA RC"]
[PlyCount "168"]
[EventDate "2023.12.04"]
[EventType "swiss"]
[EventCountry "IND"]
[SourceTitle "playchess.com"]
[Source "ChessBase"]
[SourceQuality "1"]
[TimeControl "5400+30"]

1. c4 Nf6 2. g3 g6 3. Nc3 Bg7 4. Bg2 d6 5. e4 O-O 6. Nge2 e5 7. O-O Be6 8. d3 Nc6 9. Nd5 Nd7 10. Be3 Re8 11. Qd2 Nd4 12. Ndc3 c6 13. b4 f5 14. Rab1 fxe4 15. Nxe4 Nf5 16. Bg5 Qc7 17. g4 Nd4 18. h3 Nxe2+ 19. Qxe2 d5 20. Nc3 Nb6 21. c5 Nd7 22. Qd2 a5 23. a3 axb4 24. axb4 d4 25. Ne4 Ra2 26. Rb2 Rea8 27. Rfb1 Qb8 28. Be7 Rxb2 29. Rxb2 Ra1+ 30. Kh2 h6 31. g5 h5 32. Nf6+ Nxf6 33. gxf6 Bxf6 34. Bd6 Qe8 35. Be4 Kg7 36. f4 Bf7 37. f5 g5 38. b5 Bd5 39. Qg2 Bxe4 40. Qxe4 Ra7 41. bxc6 bxc6 42. Rb8 Ra2+ 43. Kg3 h4+ 44. Kg4 Qd7 45. Bxe5 Rf2 46. Bxf6+ Kxf6 47. Qe6+ Qxe6 48. fxe6 Rg2+ 49. Kh5 Kxe6 50. Rd8 Rg3 51. Rxd4 Kf5 52. Rd8 Rxh3 53. Rf8+ Ke5 54. Kxg5 Rxd3 55. Rf5+ Ke6 56. Rf6+ Kd7 57. Rf7+ Ke8 58. Rc7 Rd5+ 59. Kxh4 Rxc5 60. Kg4 Kd8 61. Rf7 Rd5 62. Kf4 c5 63. Rf5 Rxf5+ 64. Kxf5 Kc7 65. Ke4 Kb6 66. Kd3 Kb5 67. Kc3 c4 68. Kc2 Kc6 69. Kc3 Kd5 70. Kc2 Kd4 71. Kd2 c3+ 72. Kc2 Kc4 73. Kc1 Kb5 74. Kc2 Kb4 75. Kc1 Kc4 76. Kc2 Kd4 77. Kc1 Kd3 78. Kd1 Kc4 79. Kc2 Kb4 80. Kc1 Kc5 81. Kc2 Kc4 82. Kc1 Kb3 83. Kb1 c2+ 84. Kc1 Kc3 1/2-1/2

[Event "36th Indian-ch U13 Girls 2023"]
[Site "Secunderabad"]
[Date "2023.12.10"]
[Round "11.6"]
[White "Nivedita V C"]
[Black "Aadya Gupta"]
[Result "1-0"]
[ECO "D60"]
[WhiteElo "1638"]
[BlackElo "1460"]
[Annotator "NA RC"]
[PlyCount "75"]
[EventDate "2023.12.04"]
[EventType "swiss"]
[EventCountry "IND"]
[SourceTitle "playchess.com"]
[Source "ChessBase"]
[SourceQuality "1"]
[TimeControl "5400+30"]

1. d4 d5 2. c4 c6 3. Nc3 Nf6 4. Bg5 e6 5. e3 Be7 6. Nf3 O-O 7. Bd3 Nbd7 8. O-O h6 9. Bh4 a6 10. c5 e5 11. dxe5 Nh5 12. Bxe7 Qxe7 13. g4 Nxe5 14. Nxe5 Qxe5 15. gxh5 Bh3 16. f4 Qxe3+ 17. Rf2 d4 18. Ne4 f5 19. Nd6 Bg4 20. Qd2 Qh3 21. Bc4+ Kh7 22. Qxd4 Qxh5 23. Re1 Qh4 24. Qe3 Qf6 25. Qe7 Qd4 26. Qe5 Qxe5 27. fxe5 f4 28. e6 Bh5 29. e7 Rh8 30. Rxf4 g5 31. Rfe4 Bg6 32. e8=Q Bxe8 33. Nxe8 Kg6 34. Re6+ Kh7 35. Bd3+ Kg8 36. Rg6+ Kf7 37. Rf6+ Kg8 38. Re7 1-0

[Event "36th Indian-ch U13 Girls 2023"]
[Site "Secunderabad"]
[Date "2023.12.10"]
[Round "11.7"]
[White "Saparya Ghosh"]
[Black "Singh Myra"]
[Result "1-0"]
[ECO "D35"]
[WhiteElo "1662"]
[BlackElo "1454"]
[Annotator "NA RC"]
[PlyCount "81"]
[EventDate "2023.12.04"]
[EventType "swiss"]
[EventCountry "IND"]
[SourceTitle "playchess.com"]
[Source "ChessBase"]
[SourceQuality "1"]
[TimeControl "5400+30"]

1. d4 d5 2. c4 e6 3. Nc3 Nf6 4. cxd5 exd5 5. Bg5 Be7 6. e3 c6 7. Bd3 h6 8. Bh4 O-O 9. Nge2 Nbd7 10. f3 Re8 11. O-O Nb6 12. Bf2 Be6 13. Nf4 Bd6 14. Nxe6 fxe6 15. Bg6 Rf8 16. f4 Qe7 17. Bh4 Qd7 18. g4 Nc4 19. Re1 Nxb2 20. Qe2 Nc4 21. g5 Nh7 22. Qc2 Nxg5 23. fxg5 hxg5 24. Bxg5 e5 25. Qg2 Qe6 26. Bd3 Bb4 27. Rac1 Bxc3 28. Rxc3 exd4 29. Rc2 Nxe3 30. Qg3 Rfe8 31. Rg2 Qf7 32. Qh3 Nf5 33. Rf1 g6 34. Bxf5 Qh7 35. Bh6 Re3 36. Bxe3 Qxh3 37. Bxh3 dxe3 38. Rxg6+ Kh7 39. Bf5 Kh8 40. Rf3 e2 41. Rh3# 1-0

[Event "36th Indian-ch U13 Girls 2023"]
[Site "Secunderabad"]
[Date "2023.12.10"]
[Round "11.8"]
[White "Shriyana S Mallya"]
[Black "Shivamshika G"]
[Result "0-1"]
[ECO "C18"]
[WhiteElo "1561"]
[BlackElo "1424"]
[Annotator "NA RC"]
[PlyCount "222"]
[EventDate "2023.12.04"]
[EventType "swiss"]
[EventCountry "IND"]
[SourceTitle "playchess.com"]
[Source "ChessBase"]
[SourceQuality "1"]
[TimeControl "5400+30"]

1. e4 e6 2. d4 d5 3. Nc3 Bb4 4. e5 c5 5. a3 Bxc3+ 6. bxc3 Ne7 7. h4 Qc7 8. h5 h6 9. Rb1 Nbc6 10. Qg4 Nf5 11. Bd3 Nce7 12. Bd2 Bd7 13. Qf4 g5 14. hxg6 Nxg6 15. Qg4 O-O-O 16. Bxf5 exf5 17. Qf3 Qc6 18. Ne2 Rde8 19. Kd1 Kb8 20. Nc1 c4 21. Bf4 Nxf4 22. Qxf4 Ka8 23. Ne2 f6 24. exf6 Qxf6 25. Ng3 h5 26. Rh4 Qe7 27. Kd2 Ba4 28. Rhh1 h4 29. Rhe1 Qf6 30. Nf1 Qg6 31. Ne3 Re4 32. Qc7 Bc6 33. f3 Ree8 34. Qf4 Ref8 35. a4 Qh6 36. Qxh6 Rxh6 37. Rh1 f4 38. Ng4 Rhh8 39. a5 Rfg8 40. Rh2 Rg7 41. Rbh1 Rgh7 42. Ne5 Be8 43. Ke2 Kb8 44. Kf2 Kc7 45. Ng4 Bf7 46. Re1 Kd6 47. Ne5 Be8 48. Reh1 Rh5 49. Rb1 R5h7 50. Ng4 Bg6 51. Nf6 Rf7 52. Ng4 Bxc2 53. Rb2 Bf5 54. Ne5 Re7 55. Ra2 h3 56. gxh3 Rxh3 57. Rg2 Reh7 58. Rb2 Rh1 59. Ng6 Bh3 60. Nxf4 Bxg2 61. Nxg2 Rc1 62. Rb5 a6 63. Rb6+ Kc7 64. Nf4 Rd7 65. Ne6+ Kc8 66. Nc5 Rf7 67. Na4 Ra1 68. Rb4 Rf5 69. Kg3 Rf1 70. Nb6+ Kc7 71. Kg4 R5xf3 72. Nxd5+ Kd6 73. Nb6 Rxc3 74. Nxc4+ Kd5 75. Nb6+ Kc6 76. d5+ Kc5 77. Rb2 Kd6 78. Re2 Rc7 79. Re6+ Kc5 80. Kg3 Rg7+ 81. Kh2 Rf5 82. Rh6 Rgg5 83. Re6 Rg7 84. Rh6 Rf2+ 85. Kh1 Ra2 86. d6 Rd2 87. d7 Re7 88. Rh5+ Kc6 89. Rh6+ Kc7 90. Na8+ Kxd7 91. Nb6+ Ke8 92. Rh8+ Kf7 93. Rh7+ Kf8 94. Rxe7 Kxe7 95. Kg1 Ra2 96. Nc4 Ra4 97. Nb6 Rxa5 98. Kf2 Rb5 99. Nc4 a5 100. Ke2 a4 101. Kd2 Rb4 102. Ne3 Kd6 103. Kc2 a3 104. Kc3 a2 105. Kxb4 a1=Q 106. Nc4+ Kd5 107. Ne3+ Ke4 108. Nc4 Kd4 109. Na3 Qb2+ 110. Ka4 Kc5 111. Nc4 Qb4# 0-1

[Event "36th Indian-ch U13 Girls 2023"]
[Site "Secunderabad"]
[Date "2023.12.10"]
[Round "11.9"]
[White "Yasaswi Krishna Bommi"]
[Black "Modipalli Deekshitha"]
[Result "0-1"]
[ECO "A30"]
[WhiteElo "1543"]
[BlackElo "1394"]
[Annotator "NA RC"]
[PlyCount "98"]
[EventDate "2023.12.04"]
[EventType "swiss"]
[EventCountry "IND"]
[SourceTitle "playchess.com"]
[Source "ChessBase"]
[SourceQuality "1"]
[TimeControl "5400+30"]

1. Nf3 Nf6 2. g3 b6 3. Bg2 Bb7 4. O-O c5 5. d3 e6 6. b3 Be7 7. Bb2 d6 8. Nbd2 O-O 9. c4 Nbd7 10. e3 d5 11. Qe2 Qc7 12. Rac1 Rad8 13. Rfd1 h6 14. d4 Qb8 15. h4 Ne4 16. Nxe4 dxe4 17. Ne5 Qc7 18. Nxd7 Rxd7 19. d5 f5 20. Bxe4 fxe4 21. Qg4 e5 22. Qe6+ Kh7 23. Bxe5 Bd6 24. Bxd6 Rxd6 25. Qxe4+ Kg8 26. Qd3 Qf7 27. Rf1 Qf3 28. Qd1 Qe4 29. Rc3 Rf3 30. Qc2 Qe5 31. Qe2 Rdf6 32. Rd3 Qh5 33. Kh2 g5 34. e4 gxh4 35. g4 Qe5+ 36. Kg2 Rxd3 37. Qxd3 Qf4 38. f3 Qg3+ 39. Kh1 Qh3+ 40. Kg1 Bc8 41. Qe2 Qg3+ 42. Qg2 Qf4 43. Qh2 Qe3+ 44. Kg2 Bxg4 45. Qb8+ Rf8 46. Qe5 Bxf3+ 47. Kh2 Qe2+ 48. Kh3 Qg2+ 49. Kxh4 Qg4# 0-1

[Event "36th Indian-ch U13 Girls 2023"]
[Site "Secunderabad"]
[Date "2023.12.10"]
[Round "11.10"]
[White "Sherali Pattnaik"]
[Black "Vaishnavi Radhakrishnan"]
[Result "1-0"]
[ECO "B56"]
[WhiteElo "1575"]
[BlackElo "1268"]
[Annotator "NA RC"]
[PlyCount "65"]
[EventDate "2023.12.04"]
[EventType "swiss"]
[EventCountry "IND"]
[SourceTitle "playchess.com"]
[Source "ChessBase"]
[SourceQuality "1"]
[TimeControl "5400+30"]

1. e4 c5 2. Nf3 d6 3. d4 cxd4 4. Nxd4 Nf6 5. Nc3 e5 6. Nb3 Be6 7. Rg1 Nbd7 8. g4 h6 9. Be3 a6 10. f3 b5 11. Qd2 Qc7 12. O-O-O Rc8 13. Kb1 Nc5 14. h4 Nfd7 15. Nd5 Bxd5 16. exd5 Be7 17. g5 hxg5 18. hxg5 Nxb3 19. axb3 Nc5 20. f4 exf4 21. Bxf4 Kd8 22. Rg2 Rb8 23. Re1 Re8 24. Rge2 b4 25. Qe3 a5 26. Qg3 Rb6 27. Qh2 a4 28. Rxe7 Qxe7 29. Rxe7 Rxe7 30. Bxd6 Re1+ 31. Ka2 axb3+ 32. cxb3 Ra6+ 33. Bxa6 1-0